 Dungeon Crawl Stone Soup version 0.21-a0-584-g185da8e (webtiles) character file.

86 Amnesiac the Insei (level 4, 0/30 HPs)
             Began as an Octopode Transmuter on Dec 20, 2017.
             Slain by a jackal (1 damage)
             ... on level 3 of the Dungeon.
             The game lasted 00:02:08 (2528 turns).

Amnesiac the Insei (Octopode Transmuter)            Turns: 2528, Time: 00:02:09

Health: 0/30       AC:  1    Str:  9    XL:     4   Next: 50%
Magic:  7/7        EV: 14    Int: 15    God:
Gold:   108        SH:  0    Dex: 13    Spells: 1/7 levels left

rFire    . . .     SeeInvis .     - Unarmed
rCold    . . .     Gourm    .   (no shield)
rNeg     . . .     Faith    .   (helmet restricted)
rPois    .         Spirit   .   (no amulet)
rElec    .         Reflect  .   p - ring of stealth
rCorr    .         Harm     .   r - +1 ring of slaying
MR       .....                  (no ring)
Stlth    +++.......             (no ring)
HPRegen  0.10/turn              (no ring)
MPRegen  0.10/turn              (no ring)
                                (no ring)
                                (no ring)

@: lethally poisoned (0 -> -15), hasted, very quick
A: almost no armour, stealthy swim, amphibious, 8 rings, constrict 8, camouflage
1, gelatinous body 1
a: no special abilities


You were on level 3 of the Dungeon.
You were not hungry.

You visited 1 branch of the dungeon, and saw 3 of its levels.

You collected 108 gold pieces.

Inventory:

Missiles
 a - 32 arrows
 e - 22 poisoned needles
 k - 34 stones (quivered)
Jewellery
 p - a ring of stealth (left tentacle)
 r - a +1 ring of slaying (right tentacle)
Wands
 d - a wand of disintegration (13)
Scrolls
 f - 2 scrolls of fog {!r, unknown}
 h - 6 scrolls of identify {!r, unknown}
 l - a scroll of fear {!r, unknown}
 n - a scroll of magic mapping {!r, unknown}
Potions
 i - a potion of curing {!q, unknown}
 j - a potion of degeneration {!q, unknown}
 o - a potion of mutation {!q, unknown}
 q - a potion of experience {!q, unknown}
Books
 b - a book of Changes

   Spells                             Type                      Level
   a - Beastly Appendage              Transmutation                1
   b - Sticks to Snakes               Transmutation                2
   c - Spider Form                    Transmutation/Poison         3
   d - Ice Form                       Ice/Transmutation            4
   e - Blade Hands                    Transmutation                5
Comestibles
 c - 5 rations
 m - 2 chunks of flesh


   Skills:
 + Level 2.5 Fighting
 + Level 2.6 Dodging
 * Level 3.7 Unarmed Combat
 - Level 2.0 Spellcasting
 + Level 2.5 Transmutations


You had one spell level left.
You knew the following spells:

 Your Spells              Type           Power        Failure   Level  Hunger
a - Beastly Appendage     Tmut           #.....       8%          1    #......
b - Sticks to Snakes      Tmut           #.......     12%         2    ###....
e - Spider Form           Tmut/Pois      #.........   36%         3    ###....


Dungeon Overview and Level Annotations

Branches:
Dungeon (3/15)

Altars:
Ru
Zin


Innate Abilities, Weirdness & Mutations

You cannot wear most types of armour.
You are very stealthy in the water. (Stealth+)
You are amphibious.
You can wear up to eight rings at the same time.
You can use your tentacles to constrict eight enemies at once.
Your skin changes colour to match your surroundings (Stealth+).
Your rubbery body absorbs attacks. (AC +1, EV +1)


Message History

You butcher the rat corpse.
m - 5 chunks of flesh (gained 1)
You see here a rat skeleton. x2
Some of the chunks of flesh in your inventory have rotted away.
r - a glass ring No target in view!
No target in view!
An adder comes into view.
The adder hisses angrily.
An adder is nearby!
Put on which piece of jewellery? (? for menu, Esc to quit)
r - a +1 ring of slaying (right tentacle)
The adder bites you.
You are poisoned.
The adder poisons you!
A jackal comes into view.
You closely miss the adder.
The jackal barks!
You feel sick. The adder bites you.
A jackal comes into view.
You miss the adder.
The jackal barks!
The adder closely misses you. The adder bites you.
You are more poisoned.
The adder poisons you!
You tentacle-slap the adder but do no damage.
You squeeze the adder, but do no damage.
You feel sick. The adder closely misses you.
You barely miss the adder. You grab the adder. You constrict the adder.
You feel sick. The adder bites you but does no damage.
You tentacle-slap the adder but do no damage.
You squeeze the adder.
The adder is moderately wounded.
You constrict the adder.
You feel sick. The jackal bites you.
* * * LOW HITPOINT WARNING * * *
The adder barely misses you.
You tentacle-slap the adder.
The adder is severely wounded.
You constrict the adder.
You feel sick. The jackal barely misses you. The adder bites you.
* * * LOW HITPOINT WARNING * * *
You are lethally poisoned!
The adder poisons you! The adder bites you.
* * * LOW HITPOINT WARNING * * *
You are more poisoned.
The adder poisons you!
You tentacle-slap the adder but do no damage.
The adder is almost dead.
You constrict the adder.
* * * LOW HITPOINT WARNING * * *
You feel sick. The adder closely misses you.
You tentacle-slap the adder.
You kill the adder!
* * * LOW HITPOINT WARNING * * *
You feel sick. The jackal bites you.
* * * LOW HITPOINT WARNING * * *
The jackal bites you.
* * * LOW HITPOINT WARNING * * *
Really quaff
g - a puce potion {!q}?
It was a potion of haste {!q}.
You feel yourself speed up.
* * * LOW HITPOINT WARNING * * *
You feel sick. The jackal closely misses you. The jackal barely misses you.
The jackal bites you.
You die...

.# #.. .# #.# ....... .#
#.# ......# .# #.#
....... .# #.# ..... .#
#.# .... รท# #.# ..# #
.#########.######h.#....
................@h......
.#############.......#..
... ........### .....
####.###.... ......# #.#
#### #####.# #+# #


You could see 2 jackals.

Vanquished Creatures
  3 adders
  An ooze (D:2)
  4 leopard geckos
  5 bats
  5 giant cockroaches
  4 goblins
  4 hobgoblins
  6 jackals
  5 kobolds
  2 ball pythons (D:1)
  4 frilled lizards (D:2)
  5 rats
48 creatures vanquished.

Notes
Turn   | Place    | Note
-------+----------+-------------------------------------------
     0 | D:1      | Amnesiac the Octopode Transmuter began the quest for the Orb.
     0 | D:1      | Reached XP level 1. HP: 13/13 MP: 3/3
   181 | D:1      | Reached XP level 2. HP: 3/19 MP: 5/5
   185 | D:1      | Learned a level 2 spell: Sticks to Snakes
   989 | D:1      | Reached XP level 3. HP: 23/24 MP: 6/6
  1040 | D:1      | Learned a level 3 spell: Spider Form
  1264 | D:1      | Found a glowing silver altar of Zin.
  1638 | D:2      | Found a sacrificial altar of Ru.
  1970 | D:2      | Reached XP level 4. HP: 27/30 MP: 7/7
  2036 | D:2      | Found a sacrificial altar of Ru.
  2528 | D:3      | HP: 1/30 [poisoned by an adder]
  2528 | D:3      | Slain by a jackal

Vault maps used:
D:1:      dpeg_arrival_water_altar, serial_forest, infiniplex_forest_zigzag_2,
          infiniplex_forest_3_way, infiniplex_forest_straight_2,
          infiniplex_forest_corner_2, infiniplex_forest_clump_tiny,
          infiniplex_forest_zigzag_1, infiniplex_forest_clump_C,
          infiniplex_forest_lined_room_, infiniplex_forest_side_room,
          infiniplex_forest_split
D:2:      lemuel_coloured_pillars_altar, first_ration, nicolae_ru_awakened_eye
D:3:      nicolae_overflow_crystal_walls, uniq_natasha, uniq_sigmund

Skill      XL: |  1 |
---------------+----+-----
Fighting       | 2 |  2.5
Dodging        | |  2.6
Unarmed Combat | |  3.7
Spellcasting   | |  2.0
Transmutations | |  2.5

Action                   |  1- 3 |  4- 6 || total
-------------------------+-------+-------++-------
Melee: Unarmed           |    82 |    47 ||   129
       Constrict         |    22 |    11 ||    33
       Tentacles         |    11 |     8 ||    19
       Punch             |     3 |     2 ||     5
  Use: Potion            |       |     1 ||     1
 Stab: Sleeping          |     2 |     2 ||     4
  Eat: Chunk             |     3 |     2 ||     5
Armor: Skin              |     9 |     5 ||    14
Dodge: Dodged            |    62 |    32 ||    94

Table legend:
 A = Spawn XP
 B = Non-spawn XP
 C = Spawn XP percentage of total XP
 D = Spawn monster count
 E = Non-spawn monster count
 F = Spawn count percentage of total count
 G = Total turns spent on level
                    A         B        C        D         E        F      G
               +---------+---------+-------+---------+---------+-------+---------
         Total |       0 |     124 |   0.0 |       0 |      48 |   0.0 |  2528
               +---------+---------+-------+---------+---------+-------+---------
           D:1 |       0 |      40 |   0.0 |       0 |      20 |   0.0 |  1401
           D:2 |       0 |      69 |   0.0 |       0 |      26 |   0.0 |  1084
           D:3 |       0 |      15 |   0.0 |       0 |       2 |   0.0 |    43
               +---------+---------+-------+---------+---------+-------+---------
